% Time on Ice - BANFF WOLVES
Lines # - Real PCT - Wanted PCT - Time Play
Normal Forward
1 - 31% - 39% - 14:05
2 - 28% - 36% - 12:41
3 - 24% - 18% - 10:45
4 - 17% - 7% - 7:48
Normal Defense
1 - 34% - 36% - 15:24
2 - 35% - 34% - 16:01
3 - 29% - 28% - 13:19
4 - 1% - 2% - 0:35
PP Forward
1 - 51% - 60% - 2:30
2 - 49% - 40% - 2:25
PP Defense
1 - 69% - 52% - 3:25
2 - 31% - 48% - 1:30
PK Forward
1 - 59% - 55% - 4:41
2 - 41% - 45% - 3:15
PK Defense
1 - 28% - 55% - 2:15
2 - 72% - 45% - 5:41
PK3 Forward
1 - 0% - 55%
2 - 0% - 45%
PK3 Defense
1 - 0% - 55%
2 - 0% - 45%
44 Forward
1 - 56% - 55% - 1:02
2 - 44% - 45% - 0:48
44 Defense
1 - 56% - 59% - 1:02
2 - 44% - 41% - 0:48
Last Minute Offensive  - 0:00
Last Minute Defensive  - 0:00
Total
Forward - 60:00
Defense - 60:00
% Time on Ice - PHOENIX MUSTANGS
Lines # - Real PCT - Wanted PCT - Time Play
Normal Forward
1 - 31% - 32% - 14:10
2 - 27% - 28% - 12:20
3 - 23% - 24% - 10:18
4 - 19% - 16% - 8:31
Normal Defense
1 - 35% - 40% - 15:53
2 - 36% - 40% - 16:23
3 - 29% - 20% - 13:03
4 - 0% - 0% - 0:00
PP Forward
1 - 63% - 65% - 4:58
2 - 37% - 35% - 2:58
PP Defense
1 - 64% - 60% - 5:05
2 - 36% - 40% - 2:51
PK Forward
1 - 54% - 50% - 2:38
2 - 46% - 50% - 2:17
PK Defense
1 - 38% - 58% - 1:51
2 - 62% - 42% - 3:04
PK3 Forward
1 - 0% - 50%
2 - 0% - 50%
PK3 Defense
1 - 0% - 50%
2 - 0% - 50%
44 Forward
1 - 63% - 52% - 1:09
2 - 37% - 48% - 0:41
44 Defense
1 - 63% - 52% - 1:09
2 - 37% - 48% - 0:41
Last Minute Offensive  - 0:00
Last Minute Defensive  - 0:00
Total
Forward - 60:00
Defense - 60:00
Play-by-Play 1st period 0:01 of 1st period - John Tavares wins face-off versus Roope Hintz in neutral zone. 1:02 of 1st period - Shot by Andrew Copp. 1:02 of 1st period - Shot Misses the Net. 1:04 of 1st period - Shot by Ryan O'Reilly. 1:04 of 1st period - Shot Misses the Net. 1:06 of 1st period - Shot by Andrew Copp. 1:06 of 1st period - Shot Blocked by Alex Tuch. 1:08 of 1st period - Shot by Dustin Brown. 1:08 of 1st period - Shot Misses the Net. 1:39 of 1st period - Andrew Copp is hit by Esa Lindell and loses puck. 1:41 of 1st period - Minor Penalty to Miro Heiskanen for Interference. 1:42 of 1st period - Sean Couturier wins face-off versus John Tavares in BANFF WOLVES zone. 2:16 of 1st period - Ryan O'Reilly is hit by Alexander Romanov and loses puck. 2:43 of 1st period - Shot by Teuvo Teravainen. 2:43 of 1st period - Shot Blocked by Brandon Montour. 2:45 of 1st period - Shot by Damon Severson. 2:45 of 1st period - Shot Misses the Net. 2:47 of 1st period - Shot by Teuvo Teravainen. 2:47 of 1st period - Shot Blocked by Sean Couturier. 4:34 of 1st period - Off-side. 4:35 of 1st period - Roope Hintz wins face-off versus Rasmus Asplund in neutral zone. 5:33 of 1st period - Shot by Andrew Copp. 5:33 of 1st period - Deflect By Dustin Brown. 5:33 of 1st period - Shot Misses the Net. 5:48 of 1st period - Shot by Ryan O'Reilly. 5:48 of 1st period - Goal by Ryan O'Reilly - BANFF WOLVES : 0 - PHOENIX MUSTANGS : 1. 5:49 of 1st period - John Tavares wins face-off versus Dryden Hunt in neutral zone. 5:54 of 1st period - Icing by Alexander Romanov. 5:55 of 1st period - John Tavares wins face-off versus Dryden Hunt in BANFF WOLVES zone. 7:04 of 1st period - Shot by Ryan O'Reilly. 7:04 of 1st period - Stopped by Jeremy Swayman without a rebound. 7:05 of 1st period - Sean Couturier wins face-off versus Marcus Foligno in BANFF WOLVES zone. 7:05 of 1st period - Jakub Voracek is hit by Marcus Foligno and loses puck. 7:43 of 1st period - Jason Spezza is hit by Jacob Bryson. 8:49 of 1st period - Clayton Keller is hit by Brady Tkachuk and loses puck. 9:01 of 1st period - Off-side. 9:02 of 1st period - Dawson Mercer wins face-off versus Rasmus Asplund in neutral zone. 9:09 of 1st period - Shot by Alex Galchenyuk. 9:09 of 1st period - Shot Misses the Net. 9:21 of 1st period - Shot by Ondrej Kase. 9:21 of 1st period - Shot Misses the Net. 9:23 of 1st period - Shot by Rasmus Asplund. 9:23 of 1st period - Shot Misses the Net. 9:25 of 1st period - Shot by Jeremy Lauzon. 9:25 of 1st period - Shot Blocked by Dougie Hamilton. 9:34 of 1st period - Off-side. 9:35 of 1st period - Sean Couturier wins face-off versus John Tavares in neutral zone. 9:49 of 1st period - Shot by John Tavares. 9:49 of 1st period - Goal by John Tavares - BANFF WOLVES : 0 - PHOENIX MUSTANGS : 2. 9:50 of 1st period - Jason Spezza wins face-off versus Dryden Hunt in neutral zone. 10:12 of 1st period - Jesper Fast is hit by Esa Lindell and loses puck. 10:26 of 1st period - Logan O'Connor is hit by Erik Karlsson and loses puck. 10:46 of 1st period - Jakub Voracek is hit by Jeff Petry and loses puck. 11:18 of 1st period - Icing by Brandon Montour. 11:19 of 1st period - John Tavares wins face-off versus Sean Couturier in BANFF WOLVES zone. 11:26 of 1st period - Shot by Clayton Keller. 11:26 of 1st period - Shot Blocked by Brandon Montour. 11:39 of 1st period - Off-side. 11:40 of 1st period - Andrew Copp wins face-off versus Roope Hintz in neutral zone. 11:40 of 1st period - Andrew Copp is hit by Brady Tkachuk. 11:48 of 1st period - Shot by Andrew Copp. 11:48 of 1st period - Stopped by Jeremy Swayman with a rebound. 12:26 of 1st period - Shot by Brady Tkachuk. 12:26 of 1st period - Shot Misses the Net. 12:54 of 1st period - Shot by Alex Galchenyuk. 12:54 of 1st period - Shot Misses the Net. 12:56 of 1st period - Shot by Alex Galchenyuk. 12:56 of 1st period - Shot Blocked by Ty Smith. 14:26 of 1st period - Shot by Rasmus Asplund. 14:26 of 1st period - Shot Misses the Net. 14:28 of 1st period - Shot by Jordan Greenway. 14:28 of 1st period - Deflect By Ondrej Kase. 14:28 of 1st period - Stopped by Jeremy Swayman without a rebound. 14:29 of 1st period - Jason Spezza wins face-off versus Roope Hintz in BANFF WOLVES zone. 14:29 of 1st period - Jason Spezza is hit by Esa Lindell. 14:49 of 1st period - Icing by Erik Karlsson. 14:50 of 1st period - Jason Spezza wins face-off versus Dawson Mercer in PHOENIX MUSTANGS zone. 14:50 of 1st period - Jason Spezza is hit by Alex Galchenyuk. 15:17 of 1st period - Off-side. 15:18 of 1st period - John Tavares wins face-off versus Sean Couturier in neutral zone. 15:21 of 1st period - Esa Lindell is hit by John Tavares. 16:24 of 1st period - Off-side. 16:25 of 1st period - Ryan O'Reilly wins face-off versus Roope Hintz in neutral zone. 16:55 of 1st period - Shot by Roope Hintz. 16:55 of 1st period - Stopped by Jack Campbell without a rebound. 16:56 of 1st period - Philipp Kurashev wins face-off versus Rasmus Asplund in PHOENIX MUSTANGS zone. 17:55 of 1st period - Shot by Teuvo Teravainen. 17:55 of 1st period - Stopped by Jeremy Swayman with a rebound. 18:09 of 1st period - Shot by Teuvo Teravainen. 18:09 of 1st period - Stopped by Jeremy Swayman without a rebound. 18:10 of 1st period - Jason Spezza wins face-off versus Roope Hintz in BANFF WOLVES zone. 18:10 of 1st period - Jason Spezza is hit by Dougie Hamilton. 18:39 of 1st period - Shot by Marcus Foligno. 18:39 of 1st period - Stopped by Jeremy Swayman without a rebound. 18:39 of 1st period - Minor Penalty to Jeremy Swayman for Slashing. 18:40 of 1st period - Sean Couturier wins face-off versus John Tavares in BANFF WOLVES zone. 19:03 of 1st period - Shot by Ryan O'Reilly. 19:03 of 1st period - Shot Misses the Net. 19:05 of 1st period - Shot by John Tavares. 19:05 of 1st period - Stopped by Jeremy Swayman with a rebound. 19:07 of 1st period - Shot by John Tavares. 19:07 of 1st period - Shot Blocked by Sean Couturier. 19:09 of 1st period - Shot by Erik Karlsson. 19:09 of 1st period - Shot Blocked by Esa Lindell. 19:15 of 1st period - Shot by Ryan O'Reilly. 19:15 of 1st period - Stopped by Jeremy Swayman with a rebound. 19:17 of 1st period - Shot by Andrew Copp. 19:17 of 1st period - Stopped by Jeremy Swayman without a rebound. 19:18 of 1st period - Sean Couturier wins face-off versus Teuvo Teravainen in BANFF WOLVES zone. 19:18 of 1st period - Sean Couturier is hit by Dustin Brown. 19:28 of 1st period - Sean Couturier is hit by Dustin Brown. 19:56 of 1st period - Shot by Damon Severson. 19:56 of 1st period - Sto